Map: Frost LE

Players

DemiLove (Demi)

  • Race: Zerg Zerg

Bails - Winner!

  • Race: Protoss Protoss
  • League: Master

Event: SpawningTool Invitational 1

VOD

https://www.youtube.com/watch?v=y051JGJX31k

Description

Time

  • Played on: May 30, 2016, 8:50 p.m.
  • Length: 9:30

All games in this series

Show
View Real Time Build Order
Export as new Build Order

DemiLove Zerg 

Build Orders: Hatch First 

Get SALT Encoding   

  12  0:01  Drone  
  13  0:13  Overlord  
  13  0:18  Drone  
  14  0:32  Drone x2  
  16  0:39  Drone  
  17  0:53  Hatchery  
  17  0:56  Drone  
  17  1:00  Drone  
  17  1:03  Extractor  
  17  1:08  Drone  
  18  1:17  Spawning Pool  
  17  1:22  Drone  
  18  1:32  Drone  
  19  1:41  Overlord  
  19  1:58  Drone  
  20  2:05  Metabolic Boost, Queen x2  
  20  2:07  Zergling x2  
  25  2:10  Drone  
  26  2:16  Drone x2  
  28  2:24  Drone  
  29  2:35  Hatchery  
  28  2:39  Drone x2  
  30  2:46  Queen  
  30  2:50  Overlord  
  32  2:56  Zergling x4  
  32  2:57  Zergling x2  
  34  3:01  Drone  
  35  3:11  Drone x2  
  35  3:12  Drone  
  38  3:16  Drone x5  
  43  3:24  Drone  
  44  3:32  Overlord x2  
  44  3:36  Spore Crawler  
  43  3:44  Drone x2, Spore Crawler  
  44  3:50  Drone  
  44  3:51  Drone x4  
  49  3:56  Roach Warren  
  49  3:57  Drone x4  
  52  4:04  Drone  
  52  4:05  Drone x2  
  55  4:10  Spore Crawler  
  55  4:14  Extractor  
  55  4:17  Overlord, Evolution Chamber  
  53  4:18  Drone  
  53  4:19  Drone x3  
  55  4:26  Drone x4  
  55  4:29  Drone x2  
  61  4:35  Drone x3  
  61  4:36  Drone x2  
  66  4:44  Lair  
  66  4:49  Overlord  
  66  4:51  Zerg Missile Weapons Level 1  
  66  4:53  Drone x2  
  66  4:54  Extractor, Drone x4  
  69  5:01  Drone x3  
  69  5:02  Drone  
  69  5:03  Drone  
  69  5:05  Drone  
  72  5:10  Overlord  
  72  5:11  Overlord x2  
  72  5:12  Extractor  
  72  5:13  Drone  
  72  5:14  Drone x2  
  74  5:16  Extractor  
  74  5:17  Extractor  
  72  5:25  Drone  
  73  5:29  Hatchery  
  73  5:32  Drone x2  
  75  5:35  Drone  
  75  5:36  Drone x2  
  75  5:42  Overlord x2  
  77  5:45  Hydralisk Den  
  72  5:53  Drone x4  
  72  5:56  Overlord x2  
  76  5:58  Overseer  
  76  6:17  Hydralisk  
  76  6:18  Hydralisk x12  
  82  6:24  Muscular Augments  
  102  6:35  Overseer  
  102  6:36  Pneumatized Carapace  
  102  6:41  Drone x5  
  102  6:42  Spore Crawler  
  105  6:53  Drone  
  105  6:54  Drone x7  
  113  7:02  Zerg Missile Weapons Level 2  
  113  7:04  Queen  
  113  7:05  Drone x3  
  113  7:08  Overlord x2, Extractor  
  117  7:09  Overlord  
  117  7:10  Roach  
  117  7:11  Roach x4  
  127  7:19  Roach x4  
  135  7:26  Hydralisk  
  135  7:27  Roach x2  
  141  7:36  Lurker Den  
  141  7:41  Hydralisk, Spore Crawler x2  
  141  7:42  Hydralisk x9  
  159  7:46  Overlord  
  159  7:47  Overlord  
  159  7:52  Overlord  
  158  8:00  Ravager  
  158  8:05  Overlord x3  
  159  8:06  Roach  
  159  8:07  Roach x7  
  159  8:09  Glial Reconstitution  
  175  8:16  Hydralisk x2  
  175  8:17  Hydralisk x2  
  175  8:18  Zergling x2  
  182  8:21  Ravager  
  182  8:22  Overlord x3  
  182  8:26  Roach  
  189  8:27  Roach x2  
  181  8:37  Hydralisk x6  
  162  8:45  Hydralisk x2  
  127  8:49  Hydralisk  
  127  8:50  Hydralisk  
  127  8:53  Hydralisk  
  133  9:00  Hydralisk x2  
  133  9:01  Hydralisk x5  
  133  9:02  Zergling x2  
Show
View Real Time Build Order
Export as new Build Order

Bails Protoss - Winner!

Build Orders: 1 Gate Expand, Oracle Opening 

Get SALT Encoding   

  12  0:00  Probe (Chrono Boost)  
  13  0:11  Probe (Chrono Boost)  
  14  0:21  Pylon  
  14  0:24  Probe (Chrono Boost)  
  15  0:40  Gateway, Probe (Chrono Boost)  
  16  0:50  Probe (Chrono Boost)  
  16  0:53  Assimilator  
  17  1:01  Probe (Chrono Boost)  
  19  1:11  Probe (Chrono Boost)  
  19  1:22  Probe (Chrono Boost)  
  20  1:32  Nexus  
  20  1:41  Cybernetics Core  
  20  1:46  Probe (Chrono Boost)  
  21  1:53  Assimilator  
  21  1:56  Probe (Chrono Boost)  
  21  2:01  Pylon  
  22  2:07  Probe (Chrono Boost)  
  23  2:19  Adept (Chrono Boost), Warp Gate, Probe (Chrono Boost)  
  26  2:33  Stargate  
  26  2:35  Probe (Chrono Boost)  
  27  2:43  Probe (Chrono Boost)  
  28  2:47  Probe (Chrono Boost)  
  28  2:48  Adept  
  31  2:54  Probe (Chrono Boost)  
  31  2:57  Probe (Chrono Boost)  
  33  3:04  Probe (Chrono Boost)  
  34  3:07  Pylon  
  34  3:08  Probe (Chrono Boost)  
  35  3:14  Probe (Chrono Boost)  
  35  3:16  Oracle (Chrono Boost)  
  35  3:18  Probe  
  40  3:24  Probe  
  41  3:31  Mothership Core  
  41  3:32  Pylon  
  43  3:39  Gateway  
  43  3:40  Probe  
  43  3:41  Gateway  
  44  3:50  Oracle (Chrono Boost)  
  44  3:52  Probe  
  48  3:55  Probe  
  48  4:01  Pylon  
  49  4:11  Nexus  
  49  4:15  Pylon  
  49  4:17  Probe x2  
  51  4:27  Sentry  
  51  4:29  Probe (Chrono Boost)  
  51  4:30  Probe (Chrono Boost)  
  55  4:35  Assimilator  
  55  4:37  Assimilator  
  55  4:38  Adept  
  55  4:39  Sentry  
  55  4:41  Probe x2 (Chrono Boost)  
  61  4:50  Robotics Facility  
  61  4:51  Probe (Chrono Boost)  
  61  4:52  Probe (Chrono Boost)  
  63  5:02  Probe (Chrono Boost)  
  63  5:03  Probe (Chrono Boost)  
  65  5:08  Robotics Facility  
  65  5:12  Probe (Chrono Boost)  
  65  5:13  Probe (Chrono Boost)  
  67  5:21  Pylon x2  
  67  5:23  Probe (Chrono Boost)  
  67  5:24  Pylon, Probe (Chrono Boost)  
  67  5:25  Probe (Chrono Boost)  
  67  5:26  Forge  
  70  5:29  Sentry  
  70  5:33  Probe (Chrono Boost)  
  70  5:34  Probe (Chrono Boost)  
  75  5:37  Immortal (Chrono Boost)  
  75  5:39  Probe (Chrono Boost)  
  75  5:41  Pylon  
  79  5:44  Probe (Chrono Boost)  
  79  5:46  Protoss Ground Weapons Level 1  
  80  5:52  Probe (Chrono Boost)  
  80  5:56  Immortal (Chrono Boost), Probe x2 (Chrono Boost)  
  87  6:02  Probe (Chrono Boost)  
  88  6:04  Assimilator  
  88  6:05  Assimilator  
  88  6:07  Probe x2 (Chrono Boost)  
  90  6:11  Photon Cannon  
  90  6:13  Probe  
  91  6:18  Pylon, Probe  
  91  6:20  Immortal (Chrono Boost)  
  91  6:21  Probe  
  97  6:25  Sentry x3, Probe  
  97  6:31  Probe  
  105  6:34  Pylon x2  
  105  6:37  Immortal (Chrono Boost)  
  109  6:51  Gateway  
  109  6:53  Gateway  
  113  6:54  Immortal (Chrono Boost)  
  113  6:56  Gateway  
  113  7:09  Gateway x2  
  113  7:12  Immortal (Chrono Boost)  
  113  7:14  Gateway  
  117  7:18  Gateway  
  117  7:19  Sentry  
  117  7:20  Sentry x2  
  123  7:24  Photon Cannon  
  123  7:26  Pylon  
  123  7:27  Protoss Ground Armor Level 1  
  123  7:31  Warp Prism (Chrono Boost)  
  125  7:38  Pylon  
  125  7:40  Pylon  
  125  7:43  Pylon  
  125  7:45  Observer (Chrono Boost)  
  125  7:47  Stalker x3  
  132  7:53  Stalker x2  
  132  7:55  Stalker  
  138  8:22  Stalker x5  
  138  8:23  Stalker x4  
  156  8:27  Pylon  
  140  8:46  Stalker x8  
  137  9:07  Stalker  
  133  9:14  Stalker x6  
  135  9:23  Stalker x2  
Tags
 
Add a new tag
Caveats
  • Supply blocks, unpowered buildings, or Contaminate may cause inaccurate times.
  • Supply counts are checked every 10 seconds.